 Dungeon Crawl Stone Soup version 0.28.0-43-g3370ac3207 (webtiles) character file.

Game seed: 7136007112186325475

21 Revguard the Skirmisher (level 2, -1/27 HPs)
             Began as a Hill Orc Fighter on Mar 11, 2022.
             Slain by a gnoll
             ... wielding a +0 club
              (3 damage)
             ... on level 2 of the Dungeon.
             The game lasted 00:02:22 (1096 turns).

Revguard the Skirmisher (Hill Orc Fighter)          Turns: 1096, Time: 00:02:22

Health: -1/27      AC:  6    Str: 18    XL:     2   Next: 87%
Magic:  2/2        EV:  9    Int: 10    God:
Gold:   22         SH:  4    Dex: 10    Spells: 1/1 levels left

rFire   . . .      SeeInvis .   a - +0 war axe
rCold   . . .      Faith    .   c - +0 buckler
rNeg    . . .      Spirit   .   b - +0 scale mail
rPois   .          Reflect  .   (no helmet)
rElec   .          Harm     .   (no cloak)
rCorr   +          Rampage  .   (no gloves)
Will    .....                   (no boots)
Stlth   ..........              (no amulet)
HPRegen 0.09/turn               e - ring of resist corrosion
MPRegen 0.08/turn               (no ring)

@: no status effects
A: clever 1, wild magic 1
a: no special abilities


You were on level 2 of the Dungeon.
You visited 1 branch of the dungeon, and saw 2 of its levels.

You collected 22 gold pieces.

Inventory:

Hand Weapons
 a - a +0 war axe (weapon)
Armour
 b - a +0 scale mail (worn)
 c - a +0 buckler (worn)
Jewellery
 e - a ring of resist corrosion (left hand)
Potions
 d - a potion of might
 f - 2 potions of degeneration


   Skills:
 + Level 3.9 Fighting
 * Level 3.3 Axes
 + Level 3.5 Armour
 + Level 0.5 Dodging
 + Level 3.4 Shields


You had one spell level left.
You didn't know any spells.
Your spell library was empty.

Dungeon Overview and Level Annotations

Branches:
Dungeon (2/15)

Altars:

Shops:
D:1 [


Innate Abilities, Weirdness & Mutations

Your mind is acute. (Int +2)
Your spells are a little harder to cast, but a little more powerful.


Message History

You block the gnoll's attack.
You hit the gnoll but do no damage. The gnoll barely misses you.
You slash the gnoll!
The gnoll is heavily wounded.
The gnoll hits you but does no damage.
You barely miss the gnoll.
The gnoll is heavily wounded.
The gnoll hits you with a +0 spear.
You hit the gnoll.
The gnoll is moderately wounded.
The gnoll hits you from afar with a +0 spear.
The gnoll hits you with a +0 flail!
* * * LOW HITPOINT WARNING * * *
You hit the gnoll.
The gnoll is severely wounded.
The gnoll barely misses you. The gnoll closely misses you.
As you read the scroll labelled VUJOGHUG ZUSM, it crumbles to dust.
It is a scroll of identify.
f - 2 potions of degeneration The gnoll hits you with a +0 flail.
* * * LOW HITPOINT WARNING * * *
It was a potion of mutation.
You feel extremely strange.
You feel less in control of your magic.
You feel clever. You block the gnoll's attack. The gnoll closely misses you.
It was a potion of curing.
You feel better. You block the gnoll's attack.
The gnoll hits you but does no damage.
You barely miss the gnoll.
The gnoll is severely wounded.
You barely miss the gnoll. The gnoll hits you with a +0 flail.
* * * LOW HITPOINT WARNING * * *
The gnoll hits you with a +0 club.
* * * LOW HITPOINT WARNING * * *
You block the gnoll's attack. The gnoll hits you with a +0 club.
* * * LOW HITPOINT WARNING * * *
You barely miss the gnoll.
The gnoll is severely wounded.
You hit the gnoll. The gnoll hits you with a +0 flail.
* * * LOW HITPOINT WARNING * * *
The gnoll hits you with a +0 club.
You die...

.......##.....###
#.#.............#
..####.......[..#
.####..####.....##
......###........#
....#####.#......#
..........#......#
.....######......#
....## ######@##
......# #gg#
....#.# ##g#
##.##... #g# .....
.. #...# ##...#
....... ##...
#......... ###
#...........
#...........


You could see 4 gnolls.

Vanquished Creatures
  2 dart slugs (D:1)
  A bat (D:2)
  6 endoplasms (D:1)
  A giant cockroach (D:2)
  A hobgoblin (D:1)
  2 ball pythons (D:1)
  3 rats (D:1)
16 creatures vanquished.

Notes
Turn   | Place    | Note
-------+----------+-------------------------------------------
     0 | D:1      | Revguard the Hill Orc Fighter began the quest for the Orb.
     0 | D:1      | Reached XP level 1. HP: 19/19 MP: 1/1
   203 | D:1      | Found Durph's Armour Emporium.
   570 | D:1      | Reached XP level 2. HP: 15/27 MP: 2/2
   710 | D:1      | Found a faded altar of an unknown god.
  1092 | D:2      | HP: 1/27 [gnoll/+0 flail (5)]
  1093 | D:2      | Gained mutation: Your spells are a little harder to cast,
                  | but a little more powerful. [potion of mutation]
  1093 | D:2      | Gained mutation: Your mind is acute. (Int +2) [potion of
                  | mutation]
  1096 | D:2      | Slain by a gnoll

Illustrated notes

Levels and vault maps discovered:
D:1:      dpeg_arrival_ternary, layout_basic, ebering_ecumenical_altar_box,
          serial_shops, shop_statue, minmay_close_crescents
D:2:      layout_rooms, amcnicky_mini_corridor_feature

Skill      XL: |  1 |
---------------+----+-----
Axes           | 3 |  3.3
Fighting       | |  3.9
Armour         | |  3.5
Dodging        | |  0.5
Shields        | |  3.4

Action                   || total
-------------------------++-------
Melee: War axe           ||    47
  Use: Potion            ||     2
       Scroll            ||     1
Armor: Scale mail        ||    17
Dodge: Dodged            ||    23
Block: Buckler           ||     8
